[Event "Late-Titled-Tuesday-Blitz-September-26-2023"]
[Site "Chess.com"]
[Date "2023.09.26"]
[Round "6"]
[White "RebecaJimnz"]
[Black "brunoo2003"]
[Result "0-1"]
[WhiteElo "2201"]
[BlackElo "2477"]
[TimeControl "180+1"]
[EndTime "15:06:00 PDT"]
[Termination "brunoo2003 won by resignation"]

1. e4 c6 2. d4 d5 3. Nc3 dxe4 4. Nxe4 Nf6 5. Nxf6+ exf6 6. c3 Bd6 7. Bd3 O-O 8. Qc2 Re8+ 9. Ne2 h5 10. Be3 Nd7 11. O-O-O Nf8 12. Kb1 Be6 13. c4 Rc8 14. Nc3 Bb4 15.
h4 Bxc3 16. Qxc3 b5 17. c5 a5 18. Be2 Qd5 19. b3 a4 20. Bf3 Qf5+ 21. Qd3 Qxd3+ 22. Rxd3 Bf5 23. Be2 axb3 24. axb3 Ne6 25. Kb2 Bxd3 26.
Bxd3 Nc7 27. Ra1 Ra8 28. Rg1 Nd5 29. Bd2 Ra7 30. g4 hxg4 31. Rxg4 Kf8 32. h5 Rea8 33.
Bb1 Re7 34. Bd3 Rea7 35. Bb1 b4 36. h6 gxh6 37. Bxh6+ Ke7 38. Re4+ Kd7 39. Re1 Nc3 40. Bf5+ Kd8 41. Kc2 Ra1 42. Re3 R8a2+ 43. Kd3 Rd1+ 44. Kc4 Nd5 45. Rg3 Rc1+ 46. Bxc1 Rxf2 47. Rg8+ Kc7 48. Be4 Nc3 49. Bg2 Nb5 50. Kxb4 Nxd4 51. Be3 Nc2+ 52. Kc3 Nxe3 53. Kd3 Nxg2 54. Rg7 Kd7 55. Rxf7+ Ke6 56. Rc7 Kd5 57. Rd7+ Kxc5 58. b4+ Kb6 59. Rd6 Rf5 60. Kc3 Rb5 61. Rxf6 Ne3 62. Rh6 Nd5+ 63. Kc2 Rxb4 64. Rh5 Rg4 65. Kb3 Kc5 66. Kc2 Rg3 67. Rh4 Nc7 68. Rh5+ Kc4 69. Rh4+ Kb5 70. Rh5+ Nd5 71. Rh4 Kc5 72. Rh5 Rc3+ 73. Kd2 Rc4 74. Rg5 Kb4 75. Rh5 Nc7 76. Rg5 Nb5 77. Rh5 c5 78. Rg5 Rh4 79. Rf5 Rh2+ 80. Kd3 c4+ 81. Ke3 c3 82. Kd3 Rd2+ 83. Ke3 Na3 84. Rf4+ Nc4+ 85. Ke4 c2 86. Rf1 Rd1 87. Rf3 c1=Q 88. Rb3+ Kxb3 0-1

[Event "Late-Titled-Tuesday-Blitz-September-26-2023"]
[Site "Chess.com"]
[Date "2023.09.26"]
[Round "6"]
[White "Defenstrator"]
[Black "Lion_DL"]
[Result "1-0"]
[WhiteElo "2386"]
[BlackElo "2492"]
[TimeControl "180+1"]
[EndTime "15:06:57 PDT"]
[Termination "Defenstrator won by checkmate"]

1. e4 Nc6 2. b4 Nxb4 3. d4 d5 4. c4 dxe4 5. Qa4+ Nc6 6. d5 Bd7 7. dxc6 Bxc6 8. Qc2 e5 9. Nc3 Bb4 10. Bd2 Nf6 11. Nge2 O-O 12. Ng3 Qd4 13. Nf5 Qd7 14. Ne3 Rad8 15. Ncd5 Bxd2+ 16. Qxd2 Bxd5 17. cxd5 c6 18. Rb1 cxd5 19. Bb5 Qe6 20. O-O g6 21. Qb2 b6 22. f4 exf3 23. Rxf3 d4 24. Rbf1 Ne4 25. Bc4 Qc6 26. Rxf7 Rxf7 27. Bxf7+ Kh8 28. Ng4 Rf8 29. Nxe5 Qd6 30. Nc4 Qc5 31. Qe2 d3+ 32. Qe3 Qxe3+ 33. Nxe3 d2 34. Bb3 Rd8 35. Nc4 b5 36.
Ne5 Kg7 37. Nc6 Rd7 38. Bc2 Nc3 39. Bd1 Rc7 40. Ne5 a5 41. Nf3 Rd7 42. Kf2 b4 43. Ke3 Nxa2 44. Nxd2 Nc3 45. Bb3 a4 46. Bc4 b3 47.
Nxb3 axb3 48. Bxb3 Nd5+ 49. Bxd5 Rxd5 50. Ke4 Rg5 51.
g3 Ra5 52. Rd1 Ra4+ 53. Kf3 Ra2 54. h4 Kh6 55. Rd5 Ra3+ 56. Kg4 Ra4+ 57. Kh3 Ra7 58. Rd3 Kg7 59. Rb3 h6 60. Kg4 Ra4+ 61. Kh3 Ra6 62.
Rb5 Kf6 63. Kg4 Ra4+ 64. Kh3 Re4 65. Rb6+ Kf5 66. g4+ Kf4 67. Rf6+ Ke5 68. Rxg6 h5 69. Rg5+ Kf6 70. Rxh5 Re3+ 71. Kg2 Re4 72. Kf3 Ra4 73.
Rh6+ Kg7 74. Re6 Ra3+ 75. Re3 Ra4 76. Re4 Ra3+ 77. Kf4 Ra1 78. Rb4 Ra5 79. Rb7+ Kg6 80.
Rb6+ Kg7 81. g5 Kh7 82. Kg4 Kg7 83. Kh5 Kh7 84. Rb7+ Kh8 85. Kh6 Ra8 86. g6 Rc8 87. h5 Kg8 88. Rg7+ Kh8 89. Rd7 Kg8 90. Rd6 Kh8 91. Ra6 Kg8 92. Ra5 Kh8 93. Kg5 Kg8 94. h6 Kh8 95. Ra6 Kg8 96. Kf6 Kh8 97. Rd6 Kg8 98.
Re6 Rf8+ 99. Kg5 Rc8 100. h7+ Kh8 101. Kh6 Rf8 102. g7# 1-0

[Event "Late-Titled-Tuesday-Blitz-September-26-2023"]
[Site "Chess.com"]
[Date "2023.09.26"]
[Round "7"]
[White "arminmusovic"]
[Black "MMSANCHEZ"]
[Result "0-1"]
[WhiteElo "2513"]
[BlackElo "2681"]
[TimeControl "180+1"]
[EndTime "15:08:30 PDT"]
[Termination "MMSANCHEZ won by resignation"]

1. e4 e6 2. Qe2 c5 3. Nf3 Nc6 4. g3 g6 5. Bg2 Bg7 6. c3 Nge7 7. O-O O-O 8. d3 d5 9. Re1 b6 10. Nbd2 Ba6 11. h4 dxe4 12. Nxe4 Qxd3 13. Bg5 Qxe2 14. Nf6+ 0-1

[Event "Late-Titled-Tuesday-Blitz-September-26-2023"]
[Site "Chess.com"]
[Date "2023.09.26"]
[Round "7"]
[White "JoshWeinstein"]
[Black "2k28Lakers"]
[Result "0-1"]
[WhiteElo "2350"]
[BlackElo "2564"]
[TimeControl "180+1"]
[EndTime "15:08:40 PDT"]
[Termination "2k28Lakers won by resignation"]

1. e4 a6 2. Nc3 e6 3. d4 d5 4. e5 c5 5. Nf3 Nc6 6. Bf4 Qb6 7.
dxc5 Qxb2 8. Na4 Qb4+ 9. c3 Qxf4 10. Nb6 Rb8 11. Be2 Bxc5 12. Nxc8 Rxc8 13. O-O Nge7 14.
Rb1 0-1

[Event "Late-Titled-Tuesday-Blitz-September-26-2023"]
[Site "Chess.com"]
[Date "2023.09.26"]
[Round "7"]
[White "Oleksandr_Bortnyk"]
[Black "ShiroglanTalibov"]
[Result "1-0"]
[WhiteElo "3014"]
[BlackElo "2855"]
[TimeControl "180+1"]
[EndTime "15:09:11 PDT"]
[Termination "Oleksandr_Bortnyk won by resignation"]

1. d4 Nf6 2. Nc3 d5 3. Bf4 a6 4. e3 Bf5 5. Nf3 e6 6. Ne5 c5 7. g4 Be4 8. f3 Bg6 9. h4 h5 10. g5 Ng8 11. Nxg6 fxg6 12. Bh3 Kf7 13. Qd3 Qd7 14. dxc5 Bxc5 15. O-O-O Ne7 16. e4 d4 17. Nd5 Nbc6 18. Nc7 1-0

[Event "Late-Titled-Tuesday-Blitz-September-26-2023"]
[Site "Chess.com"]
[Date "2023.09.26"]
[Round "7"]
[White "Dewarfd"]
[Black "Colombiano07"]
[Result "1-0"]
[WhiteElo "2220"]
[BlackElo "2357"]
[TimeControl "180+1"]
[EndTime "15:10:13 PDT"]
[Termination "Dewarfd won by resignation"]

1. d4 c6 2. e3 d5 3. Nf3 Bg4 4.
c4 e6 5. Nc3 Nd7 6. Bd3 Bd6 7.
h3 Bxf3 8. Qxf3 f5 9. O-O Ngf6 10. cxd5 cxd5 11. Nb5 Bb8 12. b3 a6 13. Nc3 Ne4 14.
Bxe4 fxe4 15. Qh5+ g6 16. Qh6 Qf6 17. Ba3 g5 18. Qxf6 Nxf6 19. f3 exf3 20. Rxf3 Ne4 21. Nxe4 dxe4 22. Rf6 Kd7 23. Rf7+ Kc6 24. Rc1+ Kb6 25.
Bc5+ Kb5 26. Rxb7+ Kc6 27. Re7 Bd6 28. Rxe6 1-0

[Event "Late-Titled-Tuesday-Blitz-September-26-2023"]
[Site "Chess.com"]
[Date "2023.09.26"]
[Round "7"]
[White "ATM622"]
[Black "Mesa_1"]
[Result "0-1"]
[WhiteElo "2428"]
[BlackElo "2627"]
[TimeControl "180+1"]
[EndTime "15:10:16 PDT"]
[Termination "Mesa_1 won by resignation"]

1. d4 d5 2. c4 e6 3. Nf3 Nf6 4. g3 Be7 5. Bg2 O-O 6. O-O c6 7. Nbd2 Nbd7 8. Qc2 b6 9. e4 dxc4 10. e5 Nd5 11. Nxc4 c5 12. h4 h6 13. Rd1 Ba6 14. b3 Rc8 15. dxc5 Bxc5 16. Bb2 b5 17. Ng5 hxg5 0-1

[Event "Late-Titled-Tuesday-Blitz-September-26-2023"]
[Site "Chess.com"]
[Date "2023.09.26"]
[Round "7"]
[White "Dhaydon19"]
[Black "AleksanderHnydiuk"]
[Result "1-0"]
[WhiteElo "2732"]
[BlackElo "2548"]
[TimeControl "180+1"]
[EndTime "15:10:28 PDT"]
[Termination "Dhaydon19 won by resignation"]

1. d4 g6 2. Nc3 Bg7 3. e4 c6 4. f4 d5 5. e5 h5 6. Nf3 Nh6 7. Bd3 Bg4 8. O-O e6 9. Ne2 c5 10. dxc5 Qa5 11. Be3 Bf8 12. b4 Qxb4 13. Rb1 Qa3 14.
Rxb7 Bxc5 15. Bb5+ Kf8 16. Bxc5+ Qxc5+ 17. Qd4 Qxd4+ 18. Nexd4 Nf5 19. Nxf5 Bxf5 20. Ng5 1-0

[Event "Late-Titled-Tuesday-Blitz-September-26-2023"]
[Site "Chess.com"]
[Date "2023.09.26"]
[Round "7"]
[White "Slovak_fighter2000"]
[Black "jaskol95"]
[Result "0-1"]
[WhiteElo "2466"]
[BlackElo "2630"]
[TimeControl "180+1"]
[EndTime "15:10:54 PDT"]
[Termination "jaskol95 won by resignation"]

1. d4 d5 2. c4 e5 3. dxe5 d4 4. Nf3 Nc6 5. a3 a5 6. e3 Bc5 7. exd4 Bxd4 8. Nxd4 Qxd4 9. Qxd4 Nxd4 10. Bd3 Nb3 11.
Nd2 Nxa1 12. a4 Ne7 13. b3 Bf5 14. Bxf5 Nxf5 15. Kd1 O-O-O 0-1

[Event "Late-Titled-Tuesday-Blitz-September-26-2023"]
[Site "Chess.com"]
[Date "2023.09.26"]
[Round "7"]
[White "sofaceindisguise"]
[Black "pedromartinez91"]
[Result "1-0"]
[WhiteElo "2712"]
[BlackElo "2555"]
[TimeControl "180+1"]
[EndTime "15:10:57 PDT"]
[Termination "sofaceindisguise won by resignation"]

1. d4 Nf6 2. c4 c5 3. Nc3 cxd4 4.
Qxd4 Nc6 5. Qd2 e5 6. e4 Bb4 7.
Bd3 Qa5 8. Nge2 Nd4 9. O-O Nxe2+ 10. Qxe2 Bxc3 11. bxc3 d6 12. f4 O-O 13. fxe5 Qxe5 14.
Bf4 Qe6 15. e5 dxe5 16. Qxe5 Qxe5 17. Bxe5 Be6 18. Bxf6 gxf6 19. Rxf6 Rad8 20. Bf1 Rd2 21. Rf2 Rfd8 22. a4 Rd1 23. Rxd1 Rxd1 24. Rf4 Rc1 25. Kf2 Rxc3 26. Be2 Ra3 27. c5 Rxa4 28. Rxa4 1-0

[Event "Late-Titled-Tuesday-Blitz-September-26-2023"]
[Site "Chess.com"]
[Date "2023.09.26"]
[Round "7"]
[White "Hrant_ChessMood"]
[Black "TatjanaVasilevich"]
[Result "1-0"]
[WhiteElo "2902"]
[BlackElo "2579"]
[TimeControl "180+1"]
[EndTime "15:10:59 PDT"]
[Termination "Hrant_ChessMood won by checkmate"]

1. c4 e5 2. g3 Nf6 3. Bg2 c6 4. Nf3 e4 5. Nd4 d5 6. cxd5 cxd5 7. d3 exd3 8. Qxd3 Nc6 9. O-O Be7 10. Nc3 O-O 11. Bf4 Be6 12. Rfd1 Qb6 13. Nxe6 fxe6 14. Bh3 e5 15. Nxd5 Nxd5 16. Qxd5+ Kh8 17. Be3 Nd4 18. Bxd4 exd4 19. Qb3 Bc5 20. Qxb6 Bxb6 21. Rac1 d3 22. e3 Rad8 23. a3 Rf6 24. Rd2 Rdf8 25. Rf1 Rd6 26.
Rfd1 Re6 27. Bxe6 h5 28. Rxd3 h4 29. Kg2 Kh7 30. gxh4 Kh6 31. Rd6 Kh5 32. R1d5+ Kxh4 33. Re5 Bc7 34. Rd4+ Rf4 35. Rxf4# 1-0

[Event "Late-Titled-Tuesday-Blitz-September-26-2023"]
[Site "Chess.com"]
[Date "2023.09.26"]
[Round "7"]
[White "Lady_Nika"]
[Black "bettercallcafu"]
[Result "1-0"]
[WhiteElo "2537"]
[BlackElo "2678"]
[TimeControl "180+1"]
[EndTime "15:11:13 PDT"]
[Termination "Lady_Nika won by resignation"]

1. e4 e6 2. d4 d5 3. exd5 exd5 4. Nf3 Bd6 5. Bd3 Bf8 6. O-O Be7 7. Re1 Nf6 8. Bg5 Nbd7 9. Nbd2 O-O 10. Ne5 Nxe5 11.
dxe5 Nd7 12. Bxe7 Qxe7 13. Nf3 g6 14. c3 Nc5 15. Bc2 c6 16. h3 Ne6 17. Qd2 b6 18. Re3 Bb7 19. Rae1 c5 20. Nh2 h5 21. Rg3 Kh7 22. Nf3 d4 23. Ng5+ Nxg5 24. Rxg5 Rh8 25. Rxh5+ Kg7 26. Rxh8 Rxh8 27. cxd4 Qh4 28. dxc5 Bxg2 29.
Qc3 Bxh3 30. e6+ f6 31. Qg3 Qxg3+ 32. fxg3 bxc5 33. Ba4 1-0

[Event "Late-Titled-Tuesday-Blitz-September-26-2023"]
[Site "Chess.com"]
[Date "2023.09.26"]
[Round "7"]
[White "wild3000"]
[Black "Dacean99"]
[Result "1-0"]
[WhiteElo "2360"]
[BlackElo "2544"]
[TimeControl "180+1"]
[EndTime "15:11:20 PDT"]
[Termination "wild3000 won by resignation"]

1. d4 Nf6 2. Nf3 c5 3. e3 d5 4. Be2 Nc6 5. O-O Bg4 6. h3 Bh5 7. c4 e6 8. cxd5 exd5 9. Nc3 Be7 10. dxc5 Bxc5 11. Nd4 Bg6 12. Bf3 O-O 13. Nb3 Bd6 14.
Nxd5 Nxd5 15. Bxd5 Rc8 16. e4 Qe7 17. Re1 Rfd8 18.
Qg4 Bb4 19. Bg5 Qe5 20. Bxd8 Bxe1 21. Qxc8 Bxf2+ 22. Kxf2 Qxb2+ 23. Kg1 Bf5 24. Bf6+ Bxc8 25. Bxb2 Nb4 26. Bc4 a6 27. Bc3 Nc6 28. Bd5 Ne7 29. Rc1 Bd7 30. Nc5 Bb5 31. Bxb7 1-0

[Event "Late-Titled-Tuesday-Blitz-September-26-2023"]
[Site "Chess.com"]
[Date "2023.09.26"]
[Round "7"]
[White "Jospem"]
[Black "Mikhail_Bryakin"]
[Result "1-0"]
[WhiteElo "2997"]
[BlackElo "2854"]
[TimeControl "180+1"]
[EndTime "15:11:23 PDT"]
[Termination "Jospem won by resignation"]

1. e4 e6 2. d4 d5 3. Nd2 Nc6 4. Ngf3 dxe4 5. Nxe4 Nf6 6. Nxf6+ gxf6 7. c3 Bd6 8. g3 Bd7 9. Bg2 Qe7 10. O-O O-O 11.
Re1 Kh8 12. c4 Qd8 13. b3 Bb4 14. Bd2 Bxd2 15. Qxd2 Ne7 16. Qc3 Ng6 17. Rad1 c6 18. Nd2 Kg8 19. Ne4 f5 20. Nd6 Qc7 21. c5 Rad8 22.
h4 Bc8 23. Qe3 Kh8 24. h5 Ne7 25. Qe5+ Kg8 26. Nxf5 1-0

[Event "Late-Titled-Tuesday-Blitz-September-26-2023"]
[Site "Chess.com"]
[Date "2023.09.26"]
[Round "7"]
[White "GoltsevDmitry2000"]
[Black "mitrabhaa"]
[Result "0-1"]
[WhiteElo "2606"]
[BlackElo "2834"]
[TimeControl "180+1"]
[EndTime "15:11:26 PDT"]
[Termination "mitrabhaa won by resignation"]

1. e4 c6 2. d4 d5 3. Nc3 dxe4 4.
Nxe4 Nf6 5. Ng3 h5 6. h4 Bg4 7. Be2 Nbd7 8. f3 Qc7 9. Kf2 Be6 10. Nh3 Bxh3 11. Rxh3 e6 12. Bd3 c5 13. c3 cxd4 14. cxd4 Bd6 15. Ne2 O-O 16. Bg5 e5 17. Rc1 Qa5 18. a3 exd4 19. Nxd4 Bc5 20. Be3 Qb6 21. Be2 Rac8 22. Rb1 Nd5 23. b4 Nxe3 24. Kxe3 Bxd4+ 0-1

[Event "Late-Titled-Tuesday-Blitz-September-26-2023"]
[Site "Chess.com"]
[Date "2023.09.26"]
[Round "7"]
[White "Nor1lsk"]
[Black "Andrej2004"]
[Result "1-0"]
[WhiteElo "2757"]
[BlackElo "2580"]
[TimeControl "180+1"]
[EndTime "15:11:37 PDT"]
[Termination "Nor1lsk won by checkmate"]

1. e4 c5 2. d3 g6 3. g3 Bg7 4. Bg2 d6 5. f4 Nc6 6. Nf3 b6 7.
O-O Bb7 8. h3 Nf6 9. Nc3 O-O 10.
g4 Nd4 11. f5 Nxf3+ 12. Qxf3 Nd7 13. g5 Bd4+ 14. Kh1 e6 15. f6 h5 16. Ne2 Be5 17. Bf4 d5 18. Qg3 Qc7 19. Qh4 Rfe8 20. c3 Bxf4 21.
Nxf4 Ne5 22. d4 Nc4 23. e5 Rec8 24. Nxh5 gxh5 25. Qxh5 Qd8 26. g6 fxg6 27. Qxg6+ Kh8 28. Qg7# 1-0

[Event "Late-Titled-Tuesday-Blitz-September-26-2023"]
[Site "Chess.com"]
[Date "2023.09.26"]
[Round "7"]
[White "GMJustin"]
[Black "azikom"]
[Result "0-1"]
[WhiteElo "2215"]
[BlackElo "2614"]
[TimeControl "180+1"]
[EndTime "15:11:43 PDT"]
[Termination "azikom won by resignation"]

1. d4 d5 2. c4 e6 3. Nf3 c6 4. b3 f5 5. Bf4 Nf6 6. e3 Bb4+ 7. Nbd2 O-O 8. Bd3 Ne4 9. O-O g5 10. Bxb8 Rxb8 11. Nb1 Bd6 12. a3 g4 13. Nfd2 Qh4 14. g3 Qg5 15. Nc3 Nxc3 0-1

[Event "Late-Titled-Tuesday-Blitz-September-26-2023"]
[Site "Chess.com"]
[Date "2023.09.26"]
[Round "7"]
[White "infinitegiantkiller"]
[Black "YouShallNotPass001"]
[Result "0-1"]
[WhiteElo "2433"]
[BlackElo "2352"]
[TimeControl "180+1"]
[EndTime "15:11:44 PDT"]
[Termination "YouShallNotPass001 won by checkmate"]

1. Nf3 Nf6 2. g3 e6 3. Bg2 d5 4. O-O Be7 5. b3 O-O 6. Bb2 b5 7. d4 c5 8. Nbd2 Nbd7 9. a4 bxa4 10. Rxa4 Bb7 11. c4 Nb6 12. Ra1 dxc4 13. Nxc4 Nxc4 14.
bxc4 cxd4 15. Nxd4 Bxg2 16. Kxg2 Qc7 17. Qa4 Rfc8 18. Rfc1 Qb7+ 19. Kg1 Qxb2 20. Nc6 Bf8 21. Nxa7 Rc7 22. Rab1 Rcxa7 23. Rxb2 Rxa4 24. c5 Rc8 25. c6 Ra6 26. c7 Ra7 27. Rb8 Rcxc7 28. Rd1 h6 29.
Rdd8 Nh7 30. h4 Ra2 31. e3 Rcc2 32. Kg2 Rxf2+ 33. Kh3 h5 34. g4 Rf3# 0-1

[Event "Late-Titled-Tuesday-Blitz-September-26-2023"]
[Site "Chess.com"]
[Date "2023.09.26"]
[Round "7"]
[White "Fandorine"]
[Black "CheckThis4"]
[Result "1/2-1/2"]
[WhiteElo "2934"]
[BlackElo "2684"]
[TimeControl "180+1"]
[EndTime "15:11:53 PDT"]
[Termination "Game drawn by agreement"]

1. e4 c5 2. Ne2 Nc6 3. Nbc3 g6 4.
d4 cxd4 5. Nxd4 Bg7 6. Be3 Nf6 7.
Nxc6 bxc6 8. e5 Nd5 9. Nxd5 cxd5 10. Qxd5 Rb8 11. Bc4 O-O 12. O-O Qc7 13. Qc5 Qxe5 14. Qxe5 Bxe5 15. Bxa7 Rxb2 16. Bb3 Rxb3 17. cxb3 Bxa1 18.
Rxa1 Bb7 19. Rc1 Ra8 1/2-1/2

[Event "Late-Titled-Tuesday-Blitz-September-26-2023"]
[Site "Chess.com"]
[Date "2023.09.26"]
[Round "7"]
[White "Alexei_Gubajdullin"]
[Black "MagnusCarlsen"]
[Result "0-1"]
[WhiteElo "2732"]
[BlackElo "3288"]
[TimeControl "180+1"]
[EndTime "15:11:55 PDT"]
[Termination "MagnusCarlsen won by resignation"]

1. d4 d5 2. Nf3 Bf5 3. Bf4 e6 4.
e3 Bd6 5. Bg3 Nf6 6. Nbd2 Bxg3 7.
hxg3 h6 8. Bd3 Bxd3 9. cxd3 Nbd7 10. O-O O-O 11. Qb3 Rb8 12. Rfc1 c6 13. Qa3 a6 14. b4 Re8 15. Nb3 e5 16. Nc5 e4 17.
dxe4 Nxe4 18. Qd3 Nd6 19. Nd2 Nf6 20. a4 Ng4 21. Nf3 Qe7 22. Rc2 Rbd8 23. Rac1 g6 24.
Nh2 h5 25. Nxg4 hxg4 26. Qe2 Qg5 27. Kf1 Kg7 28. Ke1 Rh8 29. Kd2 b6 30. Nxa6 Ne4+ 31. Kd3 Qf5 32. f3 Nxg3+ 33. e4 dxe4+ 34. fxe4 Rxd4+ 35. Kxd4 Nxe2+ 36. Rxe2 Rd8+ 37. Kc3 Qe5+ 38. Kc2 Qd4 39. Kb1 Qd3+ 40. Rec2 Qxa6 0-1

[Event "Late-Titled-Tuesday-Blitz-September-26-2023"]
[Site "Chess.com"]
[Date "2023.09.26"]
[Round "7"]
[White "IlanSchnaider"]
[Black "Thjop"]
[Result "1-0"]
[WhiteElo "2813"]
[BlackElo "2606"]
[TimeControl "180+1"]
[EndTime "15:11:59 PDT"]
[Termination "IlanSchnaider won by checkmate"]

1. e4 e6 2. d4 d5 3. Nd2 c5 4.
Ngf3 a6 5. c3 Nc6 6. Bd3 Nf6 7.
exd5 Nxd5 8. O-O cxd4 9. Nxd4 Nxd4 10. cxd4 Bd6 11. Ne4 Be7 12. Bd2 Bd7 13. Qg4 g6 14.
Qf3 Bc6 15. Bh6 Rc8 16. Rac1 Nb4 17. Bg7 Nxd3 18. Qxd3 Rg8 19. Be5 f6 20. Bg3 Bb5 21. Qb3 Bxf1 22. Qxe6 Rxc1 23. Nxf6+ Kf8 24. Qxg8# 1-0

[Event "Late-Titled-Tuesday-Blitz-September-26-2023"]
[Site "Chess.com"]
[Date "2023.09.26"]
[Round "7"]
[White "maurovargas01"]
[Black "agustinv04"]
[Result "0-1"]
[WhiteElo "1903"]
[BlackElo "2350"]
[TimeControl "180+1"]
[EndTime "15:12:10 PDT"]
[Termination "agustinv04 won by resignation"]

1. e4 e5 2. Nf3 Nc6 3. Bc4 Nf6 4. O-O Nxe4 5. Re1 d5 6. Bb5 Bc5 7. d4 exd4 8. Ne5 O-O 9. Bxc6 bxc6 10. Nxc6 Qf6 11. f3 d3+ 12. Be3 Bxe3+ 13. Rxe3 Qxc6 14. fxe4 dxc2 15. Qc1 cxb1=Q 16. Rxb1 Qxc1+ 17. Rxc1 dxe4 18. Rxe4 Be6 19. Rxc7 Bxa2 20. Ree7 a5 21. Rb7 a4 22.
Kf2 g6 23. Kg3 Kg7 24. Kh4 Rfe8 25. Rxf7+ Bxf7 0-1

[Event "Late-Titled-Tuesday-Blitz-September-26-2023"]
[Site "Chess.com"]
[Date "2023.09.26"]
[Round "7"]
[White "artin10862"]
[Black "RichardLeyvaP"]
[Result "1-0"]
[WhiteElo "2882"]
[BlackElo "2643"]
[TimeControl "180+1"]
[EndTime "15:12:14 PDT"]
[Termination "artin10862 won by resignation"]

1. e4 e5 2. Nf3 Nc6 3. c3 Nf6 4. d4 d6 5. Bc4 Be7 6. O-O O-O 7. Re1 Bg4 8. d5 Nb8 9. h3 Bc8 10. Bf1 c6 11. c4 a5 12. Nc3 Nbd7 13. Rb1 Re8 14.
a3 Bf8 15. b4 axb4 16. axb4 c5 17. Be3 cxb4 18. Rxb4 h6 19. Ra4 Rxa4 20. Qxa4 Qc7 21. Nb5 Qb8 22. Ba7 1-0

[Event "Late-Titled-Tuesday-Blitz-September-26-2023"]
[Site "Chess.com"]
[Date "2023.09.26"]
[Round "7"]
[White "Fan_Of_Chucky"]
[Black "Hikaru"]
[Result "0-1"]
[WhiteElo "2521"]
[BlackElo "3175"]
[TimeControl "180+1"]
[EndTime "15:12:16 PDT"]
[Termination "Hikaru won by resignation"]

1. d4 a6 2. c4 c5 3. d5 Nf6 4. Nc3 d6 5. e4 g6 6. h3 e6 7. Be3 exd5 8. exd5 Bg7 9. Nf3 O-O 10.
Bd3 Re8 11. O-O Rxe3 12. fxe3 Qe7 13. e4 Nfd7 14. Qd2 Ne5 15. Nxe5 Bxe5 16. Ne2 Nd7 17.
Rf3 Bg7 18. Raf1 Ne5 19. R3f2 b5 20. cxb5 axb5 21. Bxb5 Rxa2 22. Nc3 Ra8 23. Nb1 g5 24. Na3 g4 25. Kh2 Rb8 26. Qe2 Qh4 27. Nc4 g3+ 28.
Kg1 gxf2+ 29. Rxf2 Nxc4 30. Bxc4 Bd4 0-1

[Event "Late-Titled-Tuesday-Blitz-September-26-2023"]
[Site "Chess.com"]
[Date "2023.09.26"]
[Round "7"]
[White "rdarruda"]
[Black "MajorCoast"]
[Result "1-0"]
[WhiteElo "2474"]
[BlackElo "2269"]
[TimeControl "180+1"]
[EndTime "15:12:25 PDT"]
[Termination "rdarruda won by checkmate"]

1. d4 d5 2. Nf3 Nf6 3. c4 e6 4. e3 Be7 5. Nc3 O-O 6. Bd3 dxc4 7. Bxc4 a6 8. O-O b5 9. Be2 Bb7 10. b3 c5 11. Bb2 Nc6 12. dxc5 Bxc5 13. Rc1 Bb6 14. Qc2 Rc8 15. Rfd1 Qe7 16. Qb1 Rfd8 17. h3 Rxd1+ 18. Rxd1 Rd8 19. a3 Bc7 20. b4 Ne5 21.
Nxe5 Bxe5 22. Rxd8+ Qxd8 23. Qd1 Qa8 24. Bf1 h6 25.
Na4 Bxb2 26. Nxb2 Nd5 27. Qd4 Qc8 28. Nd3 Qc6 29. Nc5 Ba8 30. f3 Nf6 31. Qd8+ Kh7 32.
Qe7 Nd5 33. Qxf7 Nxe3 34. Bd3+ Kh8 35. Qf8# 1-0

[Event "Late-Titled-Tuesday-Blitz-September-26-2023"]
[Site "Chess.com"]
[Date "2023.09.26"]
[Round "7"]
[White "glebus008"]
[Black "miraitrunks"]
[Result "0-1"]
[WhiteElo "2257"]
[BlackElo "2167"]
[TimeControl "180+1"]
[EndTime "15:12:28 PDT"]
[Termination "miraitrunks won by resignation"]

1. e4 c5 2. Nf3 Nc6 3. d4 cxd4 4.
Nxd4 e5 5. Nb5 a6 6. Nd6+ Bxd6 7. Qxd6 Qf6 8. Qd2 Nge7 9. Be2 O-O 10. O-O Rd8 11. c4 Nd4 12. Nc3 Rb8 13. b3 b5 14.
cxb5 axb5 15. Bb2 d5 16. Nxd5 Nxd5 17. exd5 Rxd5 18. Bxd4 Rxd4 19. Qc3 Bb7 20. Qc7 Qd8 21. Qxd8+ Rbxd8 22. Rfd1 Rxd1+ 23. Rxd1 Rxd1+ 24. Bxd1 b4 25. Bc2 g6 26. f3 Kf8 27. Kf2 Ke7 28. Ke3 Kd6 29.
Kd2 Kc5 30. Kc1 Kd4 31. Kb2 f5 32. a4 bxa3+ 33. Kxa3 e4 34. fxe4 fxe4 35. Kb2 Ke3 36. Kc3 Kf2 37. b4 e3 38. Bd3 e2 39. Bxe2 Kxe2 40. g4 Kf3 41. g5 Kg4 42. Kd4 Kxg5 43. Kc5 Bh1 44. b5 Kh4 45. b6 Kh3 46. Kd6 Kxh2 47.
Kc7 g5 48. b7 Bxb7 49. Kxb7 g4 50. Kc6 g3 51. Kd5 g2 52. Ke4 g1=Q 53. Kf3 Qg3+ 54.
Ke2 Kg1 55. Kd2 Qe5 0-1

[Event "Late-Titled-Tuesday-Blitz-September-26-2023"]
[Site "Chess.com"]
[Date "2023.09.26"]
[Round "7"]
[White "nihalsarin"]
[Black "Nf3c5"]
[Result "1-0"]
[WhiteElo "3066"]
[BlackElo "2595"]
[TimeControl "180+1"]
[EndTime "15:12:38 PDT"]
[Termination "nihalsarin won by resignation"]

1. d4 Nf6 2. Nf3 e6 3. e3 b6 4.
Nbd2 c5 5. Bd3 Bb7 6. O-O Be7 7.
b3 cxd4 8. exd4 O-O 9. Bb2 d6 10.
a3 Nbd7 11. c4 Re8 12. Re1 Bf8 13. Nf1 Qc7 14. Ng3 Rad8 15. Rc1 g6 16. d5 e5 17. b4 Qb8 18. h3 Bh6 19. Rb1 Qa8 20.
Bc1 Bxc1 21. Rxc1 b5 22. cxb5 Bxd5 23. Be2 Nb6 24. a4 Nbd7 25. a5 Nf8 26. Bf1 Ne6 27. Nd2 Nd4 28. Nb1 Qb8 29. Nc3 Ba8 30. Nge2 Ne6 31.
Ng3 Nd4 32. Nge4 Nh5 33. b6 axb6 34. a6 b5 35. Ra1 d5 36. Nc5 Qb6 37. a7 Bb7 38.
Ra5 Bc6 39. Qd2 Kg7 40. Rxe5 Rxe5 41. Qxd4 f6 42. Ne6+ 1-0

[Event "Late-Titled-Tuesday-Blitz-September-26-2023"]
[Site "Chess.com"]
[Date "2023.09.26"]
[Round "7"]
[White "vugarrasulov"]
[Black "Njal28"]
[Result "0-1"]
[WhiteElo "2946"]
[BlackElo "3092"]
[TimeControl "180+1"]
[EndTime "15:12:42 PDT"]
[Termination "Njal28 won by resignation"]

1. d4 g6 2. e4 Bg7 3. Nf3 Nf6 4. e5 Ne4 5. Bd3 d5 6. O-O c5 7. Re1 cxd4 8. Nbd2 Nxd2 9. Qxd2 Nc6 10. Qf4 Qc7 11.
Qg3 Be6 12. Bf4 Qd7 13. a3 h6 14. h4 a6 15. b4 Bf5 16. b5 axb5 17. Bxb5 O-O 18.
Nxd4 Qc8 19. Bxc6 bxc6 20. h5 c5 21. Nf3 g5 22. Nxg5 hxg5 23. Bxg5 Kh7 24. h6 Bh8 25.
Bxe7 Rg8 26. Qf4 Rg4 27. Qf3 Qe6 28. Bf6 Be4 0-1

[Event "Late-Titled-Tuesday-Blitz-September-26-2023"]
[Site "Chess.com"]
[Date "2023.09.26"]
[Round "7"]
[White "orestn"]
[Black "jamengrand"]
[Result "0-1"]
[WhiteElo "2411"]
[BlackElo "2277"]
[TimeControl "180+1"]
[EndTime "15:12:44 PDT"]
[Termination "jamengrand won by resignation"]

1. e4 e5 2. Nf3 Nc6 3. Bc4 Nf6 4. d3 d5 5. exd5 Nxd5 6. O-O Bc5 7. Nc3 Nxc3 8. bxc3 O-O 9. Be3 Bxe3 10. fxe3 e4 11. Nd4 Ne5 12. Bb3 c5 13. Nf5 exd3 14. cxd3 c4 15. dxc4 Bxf5 16. Rxf5 Qc7 17. Qd5 Rfe8 18.
Raf1 Rad8 19. Qe4 Qc5 20. Qxb7 Qxe3+ 21. Kh1 Rd7 22. Qb5 Rde7 23. c5 g6 24. R5f2 Kg7 25.
h3 f5 26. Re2 Qxc3 27. Rfe1 Kh6 28. Re3 Nf3 29. Rxe7 Qxe1+ 0-1